 Dungeon Crawl Stone Soup version 0.20.1-1-g8b1a95d (webtiles) character file.

21 sass1233 the Skirmisher (level 2, 0/27 HPs)
             Began as a Ghoul Chaos Knight on Sept 10, 2017.
             Slain by a bat (1 damage)
             ... on level 1 of the Dungeon.
             The game lasted 00:03:09 (272 turns).

sass1233 the Skirmisher (Ghoul Chaos Knight)         Turns: 272, Time: 00:03:10

Health: 0/27       AC:  5    Str: 15    XL:     2   Next: 83%
Magic:  1/1        EV: 11    Int:  7    God:    Xom [..*...]
Gold:   47         SH:  0    Dex:  8    Spells: 1/1 levels left

rFire    . . .     SeeInvis .     - Unarmed
rCold    + . .     Gourm    .   (no shield)
rNeg     + + +     Faith    .   a - +2 leather armour
rPois    ∞         Spirit   .   (no helmet)
rElec    .         Reflect  .   (no cloak)
rCorr    .         Harm     .   (no gloves)
MR       .....                  (no boots)
Stlth    +.........             (no amulet)
Regen    0.0/turn               (no ring)
MPRegen  0.1/turn               (no ring)

@: rotting
A: rotting body, claws 1, carnivore 3, cold resistance 1, negative energy
resistance 3, inhibited regeneration, torment resistance, unbreathing
a: Renounce Religion


You were on level 1 of the Dungeon.
You worshipped Xom.
You were a toy of Xom.
You were not hungry.

You visited 1 branch of the dungeon, and saw 1 of its levels.

You collected 47 gold pieces.

Inventory:

Hand Weapons
 c - a +0 dagger
 g - a +0 short sword
Missiles
 h - 11 poisoned needles
Armour
 a - a +2 leather armour (worn)
Scrolls
 e - a scroll of noise {unknown}
 f - a scroll of magic mapping {unknown}
Potions
 d - a potion of resistance {unknown}
Comestibles
 b - 3 chunks of flesh


   Skills:
 + Level 3.8 Fighting
 + Level 2.1 Armour
 + Level 1.0 Dodging
 + Level 3.5 Unarmed Combat


You had one spell level left.
You didn't know any spells.

Dungeon Overview and Level Annotations

Branches:
Dungeon (1/15)

Altars:


Innate Abilities, Weirdness & Mutations

Your body is rotting away.
You thrive on raw meat.
You are immune to poison.
You have sharp fingernails.
You are carnivorous and can eat meat at any time.
Your flesh is cold resistant. (rC+)
You are immune to negative energy. (rN+++)
You do not regenerate when monsters are visible.
You are immune to unholy pain and torment.
You can survive without breathing.


Message History

The kobold hits you with a short sword.
You scratch the kobold but do no damage.
The bat hits you.
* * * LOW HITPOINT WARNING * * *
The bat barely misses you. The kobold hits you with a short sword.
* * * LOW HITPOINT WARNING * * *
You completely miss the kobold. The bat hits you but does no damage.
The kobold hits you with a short sword.
* * * LOW HITPOINT WARNING * * *
You closely miss the kobold. The bat hits you but does no damage.
The kobold hits you with a short sword.
* * * LOW HITPOINT WARNING * * *
You scratch the kobold.
You kill the kobold!
The bat barely misses you.
You barely miss the bat. The bat hits you but does no damage.
The bat closely misses you. The bat hits you.
You die... "Boring in life, boring in death..."

#.....### #...
#.......# #...
#.......# #...
#.......#########...
#...†..........#....
#...$...............
+...).+#######.#.K..
##+#.....+####
#.#....
#.....@.$....#
#.#.###
#......b.>...' .....
#............# #.#.#
# #............#
#.#.# #............#
#.#.# +............#
#............#
#............+


You could see a bat.

Vanquished Creatures
  An ooze (D:1)
  A leopard gecko (D:1)
  2 goblins (D:1)
  A hobgoblin (D:1)
  3 bats (D:1)
  A frilled lizard (D:1)
  6 kobolds (D:1)
  3 rats (D:1)
18 creatures vanquished.

Notes
Turn   | Place    | Note
-------+----------+-------------------------------------------
     0 | D:1      | sass1233 the Ghoul Chaos Knight began the quest for the Orb.
     0 | D:1      | Reached XP level 1. HP: 19/19 MP: 0/0
     3 | D:1      | XOM: silly message
    29 | D:1      | XOM: harmless Pois miscast
    95 | D:1      | XOM: butterfly on damage
   129 | D:1      | Reached XP level 2. HP: 20/26 MP: 1/1
   161 | D:1      | XOM: silly message
   215 | D:1      | Reached skill level 1 in Dodging
   268 | D:1      | HP: 1/27 [kobold/short sword (1)]
   272 | D:1      | Slain by a bat

Skill      XL: |  1  2 |
---------------+-------+-----
Armour         | 2 |  2.1
Dodging        | 1 |  1.0
Fighting       | |  3.8
Unarmed Combat | |  3.5

Action                   || total
-------------------------++-------
Melee: Unarmed           ||    70
  Eat: Meat ration       ||     1
       Chunk             ||     3
Armor: Leather armour    ||    47
Dodge: Dodged            ||    62
